Canucks vs Avalanche

Created - November 3 2011 at 17:37

Goals
1 2 3 T
Canucks 2 1 0 3
Avalanche 1 1 0 2
Shots
1 2 3 T
Canucks 15 11 15 41
Avalanche 7 8 5 20

Period #1

1. Canucks , Phil Kessel 11 (James van Riemsdyk) at 0:04
2. Avalanche , Teemu Selanne 6 (Daniel Briere, Kevin Shattenkirk) at 12:42 (PP)
3. Canucks , Corey Perry 18 (Matthew Carle, Erik Karlsson) at 12:58

Penalties :
David Backes (VAN) for Interference (Minor) at 0:11, Paul Mara (COL) for Roughing (Minor) at 2:27, Vinny Prospal (COL) for Hooking (Minor) at 5:17, Brandon Sutter (VAN) for High sticking (Minor) at 9:47, Corey Perry (VAN) for High sticking (Minor) at 11:48

Period #2

4. Canucks , David Backes 3 (Jannik Hansen, Ryan OReilly) at 18:06
5. Avalanche , Michael Del Zotto 2 (Paul Mara, Mike Knuble) at 18:54

Penalties :
Kevin Klein (COL) for Tripping (Minor) at 1:24, Justin Abdelkader (COL) for Hooking (Minor) at 4:28, Kevin Klein (COL) for Roughing (Minor) at 6:53

Period #3

No Goal

Penalties :
Kevin Shattenkirk (COL) for Interference (Minor) at 0:18, Daniel Briere (COL) for Tripping (Minor) at 3:18, Brooks Laich (VAN) for Tripping (Minor) at 8:05, Michael Del Zotto (COL) for Hooking (Minor) at 11:22, Paul Mara (COL) for Hooking (Minor) at 15:56

Goalie Stats

Henrik Lundqvist (VAN), 18 saves from 20 shots - (0.900), W, 11-3-0, 60:00 minutes
Antti Niemi (COL), 38 saves from 41 shots - (0.927), L, 5-4-0, 59:22 minutes

Players Stats

Canucks
Player Name              G  A  P  +/- PIM S  H  SB FO    MP 
------------------------------------------------------------
Alex Pietrangelo         0  0  0   0  0   4  1  0  0/0   17 
Brandon Sutter           0  0  0   0  2   4  0  0  8/13  13 
Brooks Laich             0  0  0   0  2   2  0  0  11/24 17 
Corey Perry              1  0  1   1  2   6  2  0  0/2   22 
David Backes             1  0  1   1  2   2  3  0  1/1   16 
Dmitry Kulikov           0  0  0   1  0   2  0  0  0/0   13 
Duncan Keith             0  0  0   1  0   2  1  3  0/0   24 
Erik Karlsson            0  1  1   1  0   3  0  0  0/0   20 
Fedor Tyutin             0  0  0   0  0   1  0  0  0/0   15 
James van Riemsdyk       0  1  1   1  0   4  1  0  2/4   19 
Jannik Hansen            0  1  1   1  0   0  1  0  0/0   8  
Kris Russell             0  0  0   0  0   0  1  1  0/0   14 
Loui Eriksson            0  0  0   0  0   2  0  0  1/2   21 
Matthew Carle            0  1  1   1  0   0  0  1  0/0   16 
Phil Kessel              1  0  1   1  0   4  1  0  13/23 20 
Ryan OReilly             0  1  1   1  0   0  0  0  11/18 9  
Tomas Holmstrom          0  0  0   0  0   4  2  0  2/3   17 
Valtteri Filppula        0  0  0   0  0   1  0  0  0/0   11 
Avalanche
Player Name              G  A  P  +/- PIM S  H  SB FO    MP 
------------------------------------------------------------
Bryan Bickell            0  0  0  -1  0   0  1  0  1/1   4  
Daniel Briere            0  1  1   0  2   0  3  0  17/33 23 
Jason Demers             0  0  0   0  0   0  2  2  0/0   23 
John Carlson             0  0  0   0  0   1  0  4  0/0   24 
Justin Abdelkader        0  0  0   0  2   0  0  0  8/17  10 
Kevin Klein              0  0  0  -2  4   0  1  4  0/0   20 
Kevin Shattenkirk        0  1  1  -2  2   1  2  2  0/0   21 
Linus Omark              0  0  0   0  0   0  0  0  0/1   9  
Michael Del Zotto        1  0  1   0  2   2  1  0  0/0   15 
Mike Knuble              0  1  1   0  0   2  0  0  0/0   17 
Milan Hejduk             0  0  0   0  0   2  0  1  1/3   19 
Olli Jokinen             0  0  0  -2  0   0  1  1  8/19  12 
Paul Mara                0  1  1   0  4   1  0  2  0/0   16 
Shawn Horcoff            0  0  0  -1  0   1  1  0  4/8   7  
T.J. Oshie               0  0  0  -1  0   2  6  0  0/1   15 
Teemu Selanne            1  0  1   0  0   5  2  0  2/6   19 
Tomas Kopecky            0  0  0  -1  0   1  0  2  0/1   14 
Vinny Prospal            0  0  0   0  2   2  0  0  0/0   15 

3 Stars

1 - Phil Kessel (VAN)
2 - Teemu Selanne (COL)
3 - David Backes (VAN)

Power Play

Canucks - 0 on 9 Attempt(s) - 0.00%
Avalanche - 1 on 4 Attempt(s) - 25.00%

Penalty Kill

Canucks - 3 on 4 Attempt(s) - 75.00% - Score 0 goal in Penalty Kill
Avalanche - 9 on 9 Attempt(s) - 100.00% - Score 0 goal in Penalty Kill

Game Notes

Justin Abdelkader is injured at 17:36 of 2nd period (Bruised Right Foot)
Olli Jokinen is injured at 7:56 of 3rd period (Right Foot)

Finance

Level 1 -- Attendance: 6027 (92.72%) -- Ticket Income $542,430.00
Level 2 -- Attendance: 3284 (65.68%) -- Ticket Income $197,040.00
Level 3 -- Attendance: 1988 (56.80%) -- Ticket Income $89,460.00
Level 4 -- Attendance: 1832 (91.28%) -- Ticket Income $45,800.00
Luxury Box -- Attendance: 930 (93.00%) -- Ticket Income $176,700.00
Game was played at the Pepsi Center
Total Attendance: 14061 (78.09%)
Total Ticket Income: $1,144,833.00
Other Income: $212,341.50
Total Income: $1,357,175.00


Play by Play

Period #1

0:01 of 1st period - James van Riemsdyk wins face-off versus Olli Jokinen in neutral zone.
0:04 of 1st period - Shot by Phil Kessel.
0:04 of 1st period - Goal by Phil Kessel - Canucks : 1 - Avalanche : 0.
0:05 of 1st period - Brooks Laich wins face-off versus Daniel Briere in neutral zone.
0:11 of 1st period - Minor Penalty to David Backes for Interference.
0:12 of 1st period - Brandon Sutter wins face-off versus Olli Jokinen in Canucks zone.
0:32 of 1st period - Shot by Milan Hejduk.
0:32 of 1st period - Shot Misses the Net.
0:36 of 1st period - Shot by T.J. Oshie.
0:36 of 1st period - Shot Misses the Net.
0:38 of 1st period - Shot by T.J. Oshie.
0:38 of 1st period - Deflect By Milan Hejduk.
0:38 of 1st period - Stopped by Henrik Lundqvist without a rebound.
0:39 of 1st period - Ryan OReilly wins face-off versus Daniel Briere in Canucks zone.
0:39 of 1st period - Ryan OReilly is hit by Daniel Briere.
1:03 of 1st period - Icing by Teemu Selanne.
1:04 of 1st period - Ryan OReilly wins face-off versus Daniel Briere in Avalanche zone.
1:14 of 1st period - Off-side.
1:15 of 1st period - Brandon Sutter wins face-off versus Olli Jokinen in neutral zone.
1:42 of 1st period - Shot by Corey Perry.
1:42 of 1st period - Stopped by Antti Niemi without a rebound.
1:43 of 1st period - Ryan OReilly wins face-off versus Daniel Briere in Avalanche zone.
1:43 of 1st period - Kris Russell is hit by Jason Demers and loses puck.
1:54 of 1st period - Shot by Teemu Selanne.
1:54 of 1st period - Stopped by Henrik Lundqvist without a rebound.
1:55 of 1st period - Brandon Sutter wins face-off versus Olli Jokinen in Canucks zone.
2:24 of 1st period - Shot by Brooks Laich.
2:24 of 1st period - Shot Misses the Net.
2:26 of 1st period - Shot by Loui Eriksson.
2:26 of 1st period - Stopped by Antti Niemi without a rebound.
2:27 of 1st period - Phil Kessel wins face-off versus Linus Omark in Avalanche zone.
2:27 of 1st period - Minor Penalty to Paul Mara for Roughing.
2:28 of 1st period - Daniel Briere wins face-off versus Tomas Holmstrom in Avalanche zone.
2:46 of 1st period - Icing by Alex Pietrangelo.
2:47 of 1st period - Brooks Laich wins face-off versus Daniel Briere in Canucks zone.
2:47 of 1st period - Brooks Laich is hit by Daniel Briere.
2:50 of 1st period - Icing by James van Riemsdyk.
2:51 of 1st period - Justin Abdelkader wins face-off versus James van Riemsdyk in Canucks zone.
3:05 of 1st period - Off-side.
3:06 of 1st period - Justin Abdelkader wins face-off versus Phil Kessel in neutral zone.
4:36 of 1st period - Shot by Tomas Holmstrom.
4:36 of 1st period - Deflect By Brandon Sutter.
4:36 of 1st period - Shot Hit the Post.
4:38 of 1st period - Shot by Tomas Holmstrom.
4:38 of 1st period - Deflect By Valtteri Filppula.
4:38 of 1st period - Stopped by Antti Niemi without a rebound.
4:39 of 1st period - Brandon Sutter wins face-off versus Daniel Briere in Avalanche zone.
5:17 of 1st period - Minor Penalty to Vinny Prospal for Hooking.
5:18 of 1st period - Justin Abdelkader wins face-off versus Brooks Laich in Avalanche zone.
5:41 of 1st period - Shot by Brooks Laich.
5:41 of 1st period - Shot Misses the Net.
5:43 of 1st period - Shot by Alex Pietrangelo.
5:43 of 1st period - Stopped by Antti Niemi with a rebound.
5:45 of 1st period - Shot by Dmitry Kulikov.
5:45 of 1st period - Stopped by Antti Niemi without a rebound.
5:46 of 1st period - Daniel Briere wins face-off versus Corey Perry in Avalanche zone.
6:00 of 1st period - Off-side.
6:01 of 1st period - Brooks Laich wins face-off versus Justin Abdelkader in neutral zone.
6:21 of 1st period - Shot by Tomas Holmstrom.
6:21 of 1st period - Shot Blocked by Kevin Klein.
6:23 of 1st period - Shot by Alex Pietrangelo.
6:23 of 1st period - Stopped by Antti Niemi with a rebound.
6:27 of 1st period - Shot by James van Riemsdyk.
6:27 of 1st period - Stopped by Antti Niemi without a rebound.
6:28 of 1st period - Daniel Briere wins face-off versus Phil Kessel in Avalanche zone.
6:56 of 1st period - Shot by Erik Karlsson.
6:56 of 1st period - Shot Misses the Net.
6:58 of 1st period - Shot by Loui Eriksson.
6:58 of 1st period - Shot Misses the Net.
7:41 of 1st period - Shot by Valtteri Filppula.
7:41 of 1st period - Shot Blocked by Kevin Klein.
9:07 of 1st period - Shot by Phil Kessel.
9:07 of 1st period - Shot Blocked by Milan Hejduk.
9:40 of 1st period - Shot by Valtteri Filppula.
9:40 of 1st period - Shot Misses the Net.
9:47 of 1st period - Minor Penalty to Brandon Sutter for High sticking.
9:48 of 1st period - Olli Jokinen wins face-off versus Ryan OReilly in Canucks zone.
9:51 of 1st period - Shot by T.J. Oshie.
9:51 of 1st period - Shot Misses the Net.
9:53 of 1st period - Shot by Teemu Selanne.
9:53 of 1st period - Stopped by Henrik Lundqvist without a rebound.
9:54 of 1st period - Olli Jokinen wins face-off versus Brooks Laich in Canucks zone.
10:01 of 1st period - Shot by Michael Del Zotto.
10:01 of 1st period - Stopped by Henrik Lundqvist without a rebound.
10:02 of 1st period - Daniel Briere wins face-off versus Ryan OReilly in Canucks zone.
10:13 of 1st period - Shot by Vinny Prospal.
10:13 of 1st period - Shot Misses the Net.
10:15 of 1st period - Shot by Kevin Klein.
10:15 of 1st period - Shot Misses the Net.
10:57 of 1st period - John Carlson is hit by Kris Russell and loses puck.
11:31 of 1st period - Icing by Kevin Shattenkirk.
11:32 of 1st period - Olli Jokinen wins face-off versus Corey Perry in Avalanche zone.
11:48 of 1st period - Minor Penalty to Corey Perry for High sticking.
11:49 of 1st period - Ryan OReilly wins face-off versus Shawn Horcoff in Canucks zone.
12:00 of 1st period - Icing by John Carlson.
12:01 of 1st period - Shawn Horcoff wins face-off versus Brandon Sutter in Avalanche zone.
12:42 of 1st period - Shot by Teemu Selanne.
12:42 of 1st period - Goal by Teemu Selanne - Canucks : 1 - Avalanche : 1.
12:43 of 1st period - Shawn Horcoff wins face-off versus Phil Kessel in neutral zone.
12:43 of 1st period - Kevin Shattenkirk is hit by Corey Perry and loses puck.
12:58 of 1st period - Shot by Corey Perry.
12:58 of 1st period - Goal by Corey Perry - Canucks : 2 - Avalanche : 1.
12:59 of 1st period - Justin Abdelkader wins face-off versus Brooks Laich in neutral zone.
13:48 of 1st period - Icing by Duncan Keith.
13:49 of 1st period - Brooks Laich wins face-off versus Olli Jokinen in Canucks zone.
13:49 of 1st period - Brooks Laich is hit by Olli Jokinen.
14:05 of 1st period - Kevin Shattenkirk is hit by James van Riemsdyk and loses puck.
14:27 of 1st period - Shot by Corey Perry.
14:27 of 1st period - Stopped by Antti Niemi without a rebound.
14:28 of 1st period - Brandon Sutter wins face-off versus Daniel Briere in Avalanche zone.
14:45 of 1st period - Shot by Valtteri Filppula.
14:45 of 1st period - Shot Misses the Net.
14:47 of 1st period - Shot by Fedor Tyutin.
14:47 of 1st period - Stopped by Antti Niemi without a rebound.
14:48 of 1st period - Ryan OReilly wins face-off versus Justin Abdelkader in Avalanche zone.
14:52 of 1st period - Icing by Paul Mara.
14:53 of 1st period - Phil Kessel wins face-off versus Justin Abdelkader in Avalanche zone.
14:56 of 1st period - Shot by Phil Kessel.
14:56 of 1st period - Stopped by Antti Niemi with a rebound.
15:08 of 1st period - Shot by Corey Perry.
15:08 of 1st period - Deflect By James van Riemsdyk.
15:08 of 1st period - Shot Misses the Net.
15:16 of 1st period - Shot by Corey Perry.
15:16 of 1st period - Shot Misses the Net.
15:18 of 1st period - Shot by Corey Perry.
15:18 of 1st period - Stopped by Antti Niemi without a rebound.
15:19 of 1st period - Tomas Holmstrom wins face-off versus Daniel Briere in Avalanche zone.
15:32 of 1st period - Shot by Daniel Briere.
15:32 of 1st period - Shot Misses the Net.
15:38 of 1st period - Shot by Daniel Briere.
15:38 of 1st period - Shot Misses the Net.
15:58 of 1st period - Shot by Tomas Holmstrom.
15:58 of 1st period - Stopped by Antti Niemi with a rebound.
16:09 of 1st period - Off-side.
16:10 of 1st period - Olli Jokinen wins face-off versus Brooks Laich in neutral zone.
16:31 of 1st period - Shot by Teemu Selanne.
16:31 of 1st period - Stopped by Henrik Lundqvist without a rebound.
16:32 of 1st period - Justin Abdelkader wins face-off versus Phil Kessel in Canucks zone.
17:55 of 1st period - Shot by T.J. Oshie.
17:55 of 1st period - Shot Misses the Net.
18:08 of 1st period - Icing by Corey Perry.
18:09 of 1st period - Daniel Briere wins face-off versus Phil Kessel in Canucks zone.
18:12 of 1st period - Shot by Vinny Prospal.
18:12 of 1st period - Stopped by Henrik Lundqvist without a rebound.
18:13 of 1st period - Daniel Briere wins face-off versus Brooks Laich in Canucks zone.
19:42 of 1st period - Shot by Brandon Sutter.
19:42 of 1st period - Stopped by Antti Niemi with a rebound.
19:44 of 1st period - Shot by Fedor Tyutin.
19:44 of 1st period - Shot Misses the Net.

Period #2

0:01 of 2nd period - Phil Kessel wins face-off versus Olli Jokinen in neutral zone.
0:12 of 2nd period - Shot by Corey Perry.
0:12 of 2nd period - Stopped by Antti Niemi without a rebound.
0:13 of 2nd period - Daniel Briere wins face-off versus Brooks Laich in Avalanche zone.
1:24 of 2nd period - Minor Penalty to Kevin Klein for Tripping.
1:25 of 2nd period - Brooks Laich wins face-off versus Justin Abdelkader in Avalanche zone.
1:26 of 2nd period - Shot by James van Riemsdyk.
1:26 of 2nd period - Shot Blocked by Tomas Kopecky.
1:28 of 2nd period - Shot by James van Riemsdyk.
1:28 of 2nd period - Stopped by Antti Niemi without a rebound.
1:29 of 2nd period - Justin Abdelkader wins face-off versus Loui Eriksson in Avalanche zone.
1:42 of 2nd period - Shot by Erik Karlsson.
1:42 of 2nd period - Stopped by Antti Niemi without a rebound.
1:43 of 2nd period - Tomas Holmstrom wins face-off versus Justin Abdelkader in Avalanche zone.
3:09 of 2nd period - Shot by Tomas Holmstrom.
3:09 of 2nd period - Shot Misses the Net.
3:11 of 2nd period - Shot by Dmitry Kulikov.
3:11 of 2nd period - Shot Blocked by Paul Mara.
3:13 of 2nd period - Shot by James van Riemsdyk.
3:13 of 2nd period - Stopped by Antti Niemi without a rebound.
3:14 of 2nd period - Phil Kessel wins face-off versus Justin Abdelkader in Avalanche zone.
3:15 of 2nd period - Shot by Erik Karlsson.
3:15 of 2nd period - Stopped by Antti Niemi with a rebound.
3:17 of 2nd period - Shot by Matthew Carle.
3:17 of 2nd period - Shot Blocked by Kevin Shattenkirk.
4:28 of 2nd period - Minor Penalty to Justin Abdelkader for Hooking.
4:29 of 2nd period - Phil Kessel wins face-off versus Daniel Briere in Avalanche zone.
4:42 of 2nd period - Shot by Corey Perry.
4:42 of 2nd period - Shot Misses the Net.
4:44 of 2nd period - Shot by Duncan Keith.
4:44 of 2nd period - Shot Blocked by John Carlson.
4:46 of 2nd period - Shot by Loui Eriksson.
4:46 of 2nd period - Shot Misses the Net.
4:50 of 2nd period - Shot by Corey Perry.
4:50 of 2nd period - Shot Misses the Net.
4:52 of 2nd period - Shot by Loui Eriksson.
4:52 of 2nd period - Shot Misses the Net.
5:26 of 2nd period - Paul Mara is hit by Phil Kessel and loses puck.
5:53 of 2nd period - Shot by David Backes.
5:53 of 2nd period - Stopped by Antti Niemi without a rebound.
5:54 of 2nd period - Daniel Briere wins face-off versus Brooks Laich in Avalanche zone.
5:54 of 2nd period - Daniel Briere is hit by David Backes.
6:37 of 2nd period - Shot by Bryan Bickell.
6:37 of 2nd period - Deflect By Tomas Kopecky.
6:37 of 2nd period - Shot Misses the Net.
6:39 of 2nd period - Shot by Shawn Horcoff.
6:39 of 2nd period - Stopped by Henrik Lundqvist without a rebound.
6:40 of 2nd period - Olli Jokinen wins face-off versus Brandon Sutter in Canucks zone.
6:43 of 2nd period - Shot by T.J. Oshie.
6:43 of 2nd period - Stopped by Henrik Lundqvist without a rebound.
6:44 of 2nd period - Ryan OReilly wins face-off versus T.J. Oshie in Canucks zone.
6:44 of 2nd period - Ryan OReilly is hit by Teemu Selanne.
6:53 of 2nd period - Minor Penalty to Kevin Klein for Roughing.
6:54 of 2nd period - Phil Kessel wins face-off versus Justin Abdelkader in Avalanche zone.
7:49 of 2nd period - Shot by Alex Pietrangelo.
7:49 of 2nd period - Shot Misses the Net.
7:51 of 2nd period - Shot by Brooks Laich.
7:51 of 2nd period - Stopped by Antti Niemi with a rebound.
7:53 of 2nd period - Shot by Alex Pietrangelo.
7:53 of 2nd period - Shot Misses the Net.
9:11 of 2nd period - Shot by Teemu Selanne.
9:11 of 2nd period - Shot Blocked by Kris Russell.
9:43 of 2nd period - Shot by Daniel Briere.
9:43 of 2nd period - Deflect By Milan Hejduk.
9:43 of 2nd period - Stopped by Henrik Lundqvist without a rebound.
9:44 of 2nd period - Justin Abdelkader wins face-off versus Ryan OReilly in Canucks zone.
10:46 of 2nd period - Shot by Corey Perry.
10:46 of 2nd period - Shot Misses the Net.
11:02 of 2nd period - Shot by Corey Perry.
11:02 of 2nd period - Shot Blocked by John Carlson.
11:07 of 2nd period - Vinny Prospal is hit by Corey Perry and loses puck.
11:17 of 2nd period - Icing by Matthew Carle.
11:18 of 2nd period - Phil Kessel wins face-off versus Shawn Horcoff in Canucks zone.
11:18 of 2nd period - Phil Kessel is hit by Bryan Bickell.
12:07 of 2nd period - Icing by David Backes.
12:08 of 2nd period - Brooks Laich wins face-off versus Justin Abdelkader in Canucks zone.
12:42 of 2nd period - Shot by Mike Knuble.
12:42 of 2nd period - Stopped by Henrik Lundqvist without a rebound.
12:43 of 2nd period - Ryan OReilly wins face-off versus Olli Jokinen in Canucks zone.
12:43 of 2nd period - Ryan OReilly is hit by T.J. Oshie.
13:50 of 2nd period - Shot by Milan Hejduk.
13:50 of 2nd period - Shot Misses the Net.
13:52 of 2nd period - Shot by Daniel Briere.
13:52 of 2nd period - Shot Blocked by Duncan Keith.
13:54 of 2nd period - Shot by John Carlson.
13:54 of 2nd period - Stopped by Henrik Lundqvist without a rebound.
13:55 of 2nd period - Phil Kessel wins face-off versus Justin Abdelkader in Canucks zone.
14:07 of 2nd period - Corey Perry is hit by Michael Del Zotto.
14:56 of 2nd period - Shot by Milan Hejduk.
14:56 of 2nd period - Shot Misses the Net.
15:01 of 2nd period - Icing by Corey Perry.
15:02 of 2nd period - Phil Kessel wins face-off versus Olli Jokinen in Canucks zone.
15:02 of 2nd period - Corey Perry is hit by T.J. Oshie and loses puck.
15:37 of 2nd period - James van Riemsdyk is hit by Kevin Shattenkirk and loses puck.
15:52 of 2nd period - Brandon Sutter is hit by T.J. Oshie and loses puck.
16:22 of 2nd period - Off-side.
16:23 of 2nd period - Daniel Briere wins face-off versus Brooks Laich in neutral zone.
16:23 of 2nd period - Daniel Briere is hit by David Backes.
16:34 of 2nd period - Vinny Prospal is hit by Alex Pietrangelo.
16:37 of 2nd period - Daniel Briere is hit by Duncan Keith and loses puck.
17:14 of 2nd period - Shot by Valtteri Filppula.
17:14 of 2nd period - Shot Blocked by John Carlson.
17:16 of 2nd period - Shot by Brandon Sutter.
17:16 of 2nd period - Shot Blocked by Jason Demers.
17:18 of 2nd period - Shot by Brandon Sutter.
17:18 of 2nd period - Stopped by Antti Niemi with a rebound.
17:20 of 2nd period - Shot by Fedor Tyutin.
17:20 of 2nd period - Shot Misses the Net.
17:22 of 2nd period - Shot by Kris Russell.
17:22 of 2nd period - Shot Misses the Net.
17:24 of 2nd period - Shot by Fedor Tyutin.
17:24 of 2nd period - Shot Blocked by Jason Demers.
17:28 of 2nd period - Shot by Tomas Holmstrom.
17:28 of 2nd period - Shot Misses the Net.
17:30 of 2nd period - Shot by Tomas Holmstrom.
17:30 of 2nd period - Stopped by Antti Niemi with a rebound.
17:34 of 2nd period - Shot by Tomas Holmstrom.
17:34 of 2nd period - Stopped by Antti Niemi without a rebound.
17:35 of 2nd period - Justin Abdelkader wins face-off versus Ryan OReilly in Avalanche zone.
17:35 of 2nd period - Justin Abdelkader is hit by Jannik Hansen.
17:36 of 2nd period - Justin Abdelkader from Avalanche is injured at 17:36 of 2nd period (Bruised Right Foot).
17:37 of 2nd period - Olli Jokinen wins face-off versus Ryan OReilly in Avalanche zone.
18:04 of 2nd period - Shot by David Backes.
18:04 of 2nd period - Deflect By Jannik Hansen.
18:04 of 2nd period - Shot Blocked by Paul Mara.
18:06 of 2nd period - Shot by David Backes.
18:06 of 2nd period - Goal by David Backes - Canucks : 3 - Avalanche : 1.
18:07 of 2nd period - Shawn Horcoff wins face-off versus Phil Kessel in neutral zone.
18:48 of 2nd period - Shot by Teemu Selanne.
18:48 of 2nd period - Deflect By Linus Omark.
18:48 of 2nd period - Shot Misses the Net.
18:50 of 2nd period - Shot by Mike Knuble.
18:50 of 2nd period - Shot Misses the Net.
18:52 of 2nd period - Shot by Paul Mara.
18:52 of 2nd period - Stopped by Henrik Lundqvist with a rebound.
18:54 of 2nd period - Shot by Michael Del Zotto.
18:54 of 2nd period - Goal by Michael Del Zotto - Canucks : 3 - Avalanche : 2.
18:55 of 2nd period - Teemu Selanne wins face-off versus Brandon Sutter in neutral zone.
19:12 of 2nd period - Shot by Michael Del Zotto.
19:12 of 2nd period - Shot Misses the Net.
19:14 of 2nd period - Shot by Mike Knuble.
19:14 of 2nd period - Stopped by Henrik Lundqvist without a rebound.
19:15 of 2nd period - Loui Eriksson wins face-off versus Milan Hejduk in Canucks zone.
19:55 of 2nd period - Off-side.
19:56 of 2nd period - Bryan Bickell wins face-off versus Brandon Sutter in neutral zone.

Period #3

0:01 of 3rd period - Olli Jokinen wins face-off versus Phil Kessel in neutral zone.
0:03 of 3rd period - Off-side.
0:04 of 3rd period - Brooks Laich wins face-off versus Olli Jokinen in neutral zone.
0:08 of 3rd period - David Backes is hit by Kevin Shattenkirk.
0:11 of 3rd period - Icing by Teemu Selanne.
0:12 of 3rd period - Phil Kessel wins face-off versus Olli Jokinen in Avalanche zone.
0:18 of 3rd period - Minor Penalty to Kevin Shattenkirk for Interference.
0:19 of 3rd period - Daniel Briere wins face-off versus Brooks Laich in Avalanche zone.
0:25 of 3rd period - Icing by James van Riemsdyk.
0:26 of 3rd period - Daniel Briere wins face-off versus Brooks Laich in Canucks zone.
0:49 of 3rd period - Shot by Teemu Selanne.
0:49 of 3rd period - Deflect By Tomas Kopecky.
0:49 of 3rd period - Stopped by Henrik Lundqvist without a rebound.
0:50 of 3rd period - Daniel Briere wins face-off versus Phil Kessel in Canucks zone.
1:20 of 3rd period - Loui Eriksson is hit by Jason Demers and loses puck.
1:25 of 3rd period - Shot by Erik Karlsson.
1:25 of 3rd period - Shot Misses the Net.
1:27 of 3rd period - Shot by Corey Perry.
1:27 of 3rd period - Shot Misses the Net.
1:29 of 3rd period - Shot by Duncan Keith.
1:29 of 3rd period - Stopped by Antti Niemi without a rebound.
1:30 of 3rd period - Brooks Laich wins face-off versus Teemu Selanne in Avalanche zone.
2:09 of 3rd period - Shot by Dmitry Kulikov.
2:09 of 3rd period - Stopped by Antti Niemi without a rebound.
2:10 of 3rd period - Daniel Briere wins face-off versus Phil Kessel in Avalanche zone.
2:31 of 3rd period - Shot by Valtteri Filppula.
2:31 of 3rd period - Shot Blocked by Kevin Klein.
2:35 of 3rd period - Shot by Brandon Sutter.
2:35 of 3rd period - Shot Misses the Net.
3:10 of 3rd period - Icing by John Carlson.
3:11 of 3rd period - Daniel Briere wins face-off versus Brooks Laich in Avalanche zone.
3:18 of 3rd period - Minor Penalty to Daniel Briere for Tripping.
3:19 of 3rd period - Phil Kessel wins face-off versus Milan Hejduk in Avalanche zone.
4:42 of 3rd period - Shot by Alex Pietrangelo.
4:42 of 3rd period - Stopped by Antti Niemi without a rebound.
4:43 of 3rd period - James van Riemsdyk wins face-off versus Teemu Selanne in Avalanche zone.
4:44 of 3rd period - Shot by Brooks Laich.
4:44 of 3rd period - Stopped by Antti Niemi with a rebound.
5:22 of 3rd period - Shot by David Backes.
5:22 of 3rd period - Shot Misses the Net.
5:24 of 3rd period - Shot by Brandon Sutter.
5:24 of 3rd period - Stopped by Antti Niemi without a rebound.
5:25 of 3rd period - Olli Jokinen wins face-off versus Brandon Sutter in Avalanche zone.
5:30 of 3rd period - Shot by T.J. Oshie.
5:30 of 3rd period - Stopped by Henrik Lundqvist without a rebound.
5:31 of 3rd period - Daniel Briere wins face-off versus Ryan OReilly in Canucks zone.
5:34 of 3rd period - Shot by Milan Hejduk.
5:34 of 3rd period - Shot Misses the Net.
5:37 of 3rd period - Icing by Duncan Keith.
5:38 of 3rd period - Ryan OReilly wins face-off versus Teemu Selanne in Canucks zone.
5:38 of 3rd period - Ryan OReilly is hit by Teemu Selanne.
6:21 of 3rd period - Icing by Erik Karlsson.
6:22 of 3rd period - Phil Kessel wins face-off versus Daniel Briere in Canucks zone.
6:33 of 3rd period - Shot by Phil Kessel.
6:33 of 3rd period - Shot Misses the Net.
6:35 of 3rd period - Shot by James van Riemsdyk.
6:35 of 3rd period - Shot Misses the Net.
6:37 of 3rd period - Shot by Corey Perry.
6:37 of 3rd period - Shot Misses the Net.
6:39 of 3rd period - Shot by Phil Kessel.
6:39 of 3rd period - Stopped by Antti Niemi with a rebound.
6:43 of 3rd period - Shot by Corey Perry.
6:43 of 3rd period - Deflect By Phil Kessel.
6:43 of 3rd period - Stopped by Antti Niemi with a rebound.
6:45 of 3rd period - Shot by Erik Karlsson.
6:45 of 3rd period - Stopped by Antti Niemi without a rebound.
6:46 of 3rd period - Brandon Sutter wins face-off versus Shawn Horcoff in Avalanche zone.
6:59 of 3rd period - Shot by Brandon Sutter.
6:59 of 3rd period - Shot Misses the Net.
7:01 of 3rd period - Shot by Tomas Holmstrom.
7:01 of 3rd period - Shot Misses the Net.
7:03 of 3rd period - Shot by Kris Russell.
7:03 of 3rd period - Shot Blocked by Tomas Kopecky.
7:05 of 3rd period - Shot by Brandon Sutter.
7:05 of 3rd period - Stopped by Antti Niemi without a rebound.
7:06 of 3rd period - Brooks Laich wins face-off versus Daniel Briere in Avalanche zone.
7:13 of 3rd period - Shot by Loui Eriksson.
7:13 of 3rd period - Shot Blocked by John Carlson.
7:23 of 3rd period - Shot by Vinny Prospal.
7:23 of 3rd period - Stopped by Henrik Lundqvist without a rebound.
7:24 of 3rd period - Brandon Sutter wins face-off versus Olli Jokinen in Canucks zone.
7:24 of 3rd period - Brandon Sutter is hit by T.J. Oshie.
7:45 of 3rd period - Valtteri Filppula is hit by Kevin Klein and loses puck.
7:54 of 3rd period - Shot by Tomas Holmstrom.
7:54 of 3rd period - Stopped by Antti Niemi with a rebound.
7:56 of 3rd period - Shot by Tomas Holmstrom.
7:56 of 3rd period - Shot Blocked by Olli Jokinen.
7:56 of 3rd period - Olli Jokinen from Avalanche is injured at 7:56 of 3rd period (Right Foot).
7:57 of 3rd period - Daniel Briere wins face-off versus Brooks Laich in Avalanche zone.
8:01 of 3rd period - Mike Knuble is hit by David Backes and loses puck.
8:05 of 3rd period - Minor Penalty to Brooks Laich for Tripping.
8:06 of 3rd period - Ryan OReilly wins face-off versus Daniel Briere in Canucks zone.
9:05 of 3rd period - Shot by Kevin Shattenkirk.
9:05 of 3rd period - Stopped by Henrik Lundqvist without a rebound.
9:06 of 3rd period - Brandon Sutter wins face-off versus Daniel Briere in Canucks zone.
9:06 of 3rd period - Brandon Sutter is hit by Daniel Briere.
9:21 of 3rd period - Shot by Teemu Selanne.
9:21 of 3rd period - Stopped by Henrik Lundqvist without a rebound.
9:22 of 3rd period - Shawn Horcoff wins face-off versus Ryan OReilly in Canucks zone.
10:45 of 3rd period - Shot by Phil Kessel.
10:45 of 3rd period - Shot Blocked by Kevin Shattenkirk.
10:55 of 3rd period - Shot by Brooks Laich.
10:55 of 3rd period - Deflect By David Backes.
10:55 of 3rd period - Shot Misses the Net.
11:11 of 3rd period - Shot by David Backes.
11:11 of 3rd period - Deflect By Loui Eriksson.
11:11 of 3rd period - Stopped by Antti Niemi with a rebound.
11:13 of 3rd period - Shot by Alex Pietrangelo.
11:13 of 3rd period - Stopped by Antti Niemi with a rebound.
11:22 of 3rd period - Minor Penalty to Michael Del Zotto for Hooking.
11:23 of 3rd period - Brooks Laich wins face-off versus Daniel Briere in Avalanche zone.
12:15 of 3rd period - Shot by Erik Karlsson.
12:15 of 3rd period - Shot Misses the Net.
12:59 of 3rd period - Shot by David Backes.
12:59 of 3rd period - Shot Blocked by Kevin Klein.
13:11 of 3rd period - T.J. Oshie is hit by Tomas Holmstrom.
13:15 of 3rd period - Dmitry Kulikov is hit by T.J. Oshie and loses puck.
14:22 of 3rd period - Shot by Daniel Briere.
14:22 of 3rd period - Shot Blocked by Matthew Carle.
15:56 of 3rd period - Minor Penalty to Paul Mara for Hooking.
15:57 of 3rd period - Brooks Laich wins face-off versus Daniel Briere in Avalanche zone.
16:54 of 3rd period - Shot by Duncan Keith.
16:54 of 3rd period - Shot Misses the Net.
16:56 of 3rd period - Shot by Duncan Keith.
16:56 of 3rd period - Stopped by Antti Niemi without a rebound.
16:57 of 3rd period - Teemu Selanne wins face-off versus Phil Kessel in Avalanche zone.
17:08 of 3rd period - Shot by James van Riemsdyk.
17:08 of 3rd period - Stopped by Antti Niemi without a rebound.
17:09 of 3rd period - Phil Kessel wins face-off versus Teemu Selanne in Avalanche zone.
17:31 of 3rd period - Erik Karlsson is hit by T.J. Oshie.
17:37 of 3rd period - Shot by Corey Perry.
17:37 of 3rd period - Stopped by Antti Niemi without a rebound.
17:38 of 3rd period - Milan Hejduk wins face-off versus Brooks Laich in Avalanche zone.
17:47 of 3rd period - Milan Hejduk is hit by Tomas Holmstrom and loses puck.
18:05 of 3rd period - Icing by T.J. Oshie.
18:06 of 3rd period - David Backes wins face-off versus Shawn Horcoff in Avalanche zone.
18:53 of 3rd period - Corey Perry is hit by Shawn Horcoff and loses puck.
19:22 of 3rd period - Avalanche, Antti Niemi is pulled from the net.
19:22 of 3rd period - Shot by Vinny Prospal.
19:22 of 3rd period - Deflect By Milan Hejduk.
19:22 of 3rd period - Shot Blocked by Duncan Keith.
19:24 of 3rd period - Shot by Milan Hejduk.
19:24 of 3rd period - Shot Blocked by Duncan Keith.
19:35 of 3rd period - Icing by Fedor Tyutin.
19:36 of 3rd period - Ryan OReilly wins face-off versus Daniel Briere in Canucks zone.
19:42 of 3rd period - Icing by Loui Eriksson.
19:43 of 3rd period - Ryan OReilly wins face-off versus Tomas Kopecky in Canucks zone.
19:47 of 3rd period - Off-side.
19:48 of 3rd period - Daniel Briere wins face-off versus James van Riemsdyk in neutral zone.


Output by the SimonT Hockey Simulator (STHS) for Stephane Roy -- Original Page W3C XHTML 1.0 Valid